 Dungeon Crawl Stone Soup version 0.25.0-9-g26727b657a (webtiles) character file.

Game seed: 10231573495942495816

50 Acheron the Chopper (level 3, -1/34 HPs)
             Began as a Tengu Monk on June 17, 2020.
             Slain by a hound (2 damage)
             ... on level 1 of the Dungeon.
             The game lasted 00:04:53 (1801 turns).

Acheron the Chopper (Tengu Monk)                    Turns: 1801, Time: 00:04:54

Health: -1/34      AC: 21    Str: 11    XL:     3   Next: 79%
Magic:  5/5        EV:  2    Int: 10    God:
Gold:   59         SH:  0    Dex: 17    Spells: 4/4 levels left

rFire    . . .     SeeInvis .   a - +0 hand axe
rCold    . . .     Gourm    .   (no shield)
rNeg     + + +     Faith    .   (armour currently unavailable)
rPois    +         Spirit   .   (helmet currently unavailable)
rElec    .         Reflect  .   (cloak currently unavailable)
rCorr    .         Harm     .   (gloves currently unavailable)
MR       .....     NoTele   +   (boots unavailable)
Stlth    ++........             (no amulet)
HPRegen  0.11/turn              (no ring)
MPRegen  0.09/turn              (no ring)

@: tree-form
A: no striking features
a: no special abilities


You were on level 1 of the Dungeon.
You were not hungry.
You were a tree.
You visited 1 branch of the dungeon, and saw 3 of its levels.

You collected 59 gold pieces.

Inventory:

Hand Weapons
 a - a +0 hand axe (weapon)
Missiles
 d - 35 stones
 g - 8 boomerangs (quivered)
Armour
 e - a +0 ring mail (melded)
Scrolls
 b - a scroll of immolation {unknown}
 f - a scroll of remove curse {unknown}
 i - a scroll of amnesia {unknown}
 j - a scroll of noise {unknown}
 l - a scroll of fog {unknown}
 m - 2 scrolls of teleportation {unknown}
 o - 2 scrolls of magic mapping {unknown}
Potions
 h - a potion of invisibility {unknown}
 k - a potion of flight {unknown}
Comestibles
 c - 3 rations
 p - a chunk of flesh


   Skills:
 + Level 3.2 Fighting
 + Level 3.7 Axes
 + Level 0.4 Armour
 + Level 3.6 Dodging
 * Level 2.5 Stealth
 * Level 1.1 Spellcasting


You had 4 spell levels left.
You didn't know any spells.
Your spell library was empty.

Dungeon Overview and Level Annotations

Branches:
Dungeon (3/15)

Altars:


Innate Abilities, Weirdness & Mutations

((You have a beak for a mouth.))
((You have claws for feet.))


Message History

The hound stops to sniff the ground.
The hound bites you but does no damage. The orc hits you but does no damage.
You climb upwards.
There is a stone staircase leading down here.
The hound bites you. The orc completely misses you.
The hound closely misses you.
There is a stone staircase leading up here.
The hound bites you.
* * * LOW HITPOINT WARNING * * *
You climb upwards.
There is a stone staircase leading down here.
The orc misses you. The hound bites you but does no damage.
It was a potion of lignification.
You turn into a tree.
Your +0 ring mail melds into your body.
Your roots penetrate the ground.
The hound bites you.
* * * LOW HITPOINT WARNING * * *
The hound bites you.
* * * LOW HITPOINT WARNING * * *
You hit the hound but do no damage. The hound bites you.
You die...

### #.## #############
#####... #...........#
#....... ####.#...##.#
#.###.##
#.#.#.##.####.###.#
#.#.#.##.#........#
#.#♣#.##.#.##.#####
#.#h#.##.#.##.######
###.#o...............#
#.....#.##.#.##.####..
#.#.#.#.##.#.##.# ##.
###.#.#.#......##.# #.
#...#.#.####......# ##
#.#.#.#.################
##.###.#.##..............


You could see a hound and an orc.

Vanquished Creatures
  2 adders (D:2)
  An ooze (D:1)
  A dart slug (D:2)
  A giant cockroach (D:1)
  3 goblins
  2 hobgoblins
  7 kobolds
  A quokka (D:2)
  2 bats
  4 frilled lizards
  5 rats
29 creatures vanquished.

Notes
Turn   | Place    | Note
-------+----------+-------------------------------------------
     0 | D:1      | Acheron the Tengu Monk began the quest for the Orb.
     0 | D:1      | Reached XP level 1. HP: 14/14 MP: 2/2
   358 | D:2      | Reached XP level 2. HP: 19/19 MP: 3/3
  1093 | D:1      | Reached XP level 3. HP: 17/23 MP: 5/5
  1529 | D:2      | Reached skill level 1 in Spellcasting
  1800 | D:1      | HP: 1/34 [hound (2)]
  1801 | D:1      | Slain by a hound

Illustrated notes

Levels and vault maps discovered:
D:1:      elethiomel_arrival_infinity_welcomes_careful_drivers, layout_basic
D:2:      layout_rooms
D:3:      layout_rooms, chequers_ecumenical_altar_simple_redux

Skill      XL: |  1  2  3 |
---------------+----------+-----
Spellcasting   | 1 |  1.1
Fighting       | |  3.2
Axes           | |  3.7
Armour         | |  0.4
Dodging        | |  3.6
Stealth        | |  2.5

Action                   || total
-------------------------++-------
Melee: Hand axe          ||    63
       Kick              ||    14
       Peck              ||     8
  Use: Potion            ||     1
 Stab: Sleeping          ||     3
  Eat: Chunk             ||     3
Armor: Robe              ||     3
       Ring mail         ||    21
Dodge: Dodged            ||    37
